 Dungeon Crawl Stone Soup version 0.24-a0-368-g0e0cebd0f3 (webtiles) character file.

Game seed: 9343592198272129917

38141 incide the Thaumaturge (level 14, -2/106 HPs)
             Began as a Gnoll Wanderer on May 29, 2019.
             Was a High Priest of Ashenzari.
             Slain by a komodo dragon (25 damage)
             ... on level 5 of the Lair of Beasts.
             The game lasted 01:15:35 (18678 turns).

incide the Thaumaturge (Gnoll Wanderer)            Turns: 18678, Time: 01:15:35

Health: -2/106     AC: 16    Str: 14    XL:     14   Next: 0%
Magic:  28/28      EV: 17    Int: 21    God:    Ashenzari [*****.]
Gold:   1107       SH: 13    Dex: 14    Spells: 16/33 levels left

rFire    . . .     SeeInvis +   Z - +2 trident (venom)
rCold    . . .     Gourm    .   C - +2 buckler (curse)
rNeg     . . .     Faith    .   O - +2 troll leather armour {Snorg}
rPois    +         Spirit   .   (helmet restricted)
rElec    .         Reflect  +   S - +0 cloak
rCorr    .         Harm     .   L - +2 pair of gloves (curse)
MR       +....     Clarity  +   (no boots)
Stlth    ++++......             o - +4 amulet of reflection (curse)
HPRegen  0.67/turn              l - ring of poison resistance
MPRegen  0.21/turn              (no ring)

@: no status effects
A: distributed training, fangs 1, horns 2, iridescent scales 1, slimy green
scales 1, clarity, strong nose
a: Curse Item, Scrying, Renounce Religion


You were on level 5 of the Lair of Beasts.
You worshipped Ashenzari.
Ashenzari was extremely pleased with you.
You were hungry.

You visited 3 branches of the dungeon, and saw 19 of its levels.
You also visited: Volcano.

You collected 1219 gold pieces.
You spent 112 gold pieces at shops.

Inventory:

Hand Weapons
 i - a +2 rapier of draining
 s - a +1 broad axe of flaming
 J - a +1 arbalest of flaming
 Z - a +2 trident of venom (weapon)
Missiles
 b - 6 atropa-tipped darts
 e - 8 curare-tipped darts
 q - a throwing net
 v - 10 javelins
 y - 89 poisoned darts (quivered)
 B - 61 boomerangs
Armour
 C - a cursed +2 buckler (worn)
 L - a cursed +2 pair of gloves (worn)
 O - a +2 troll leather armour (worn) {Snorg}
 R - a +2 leather armour of fire resistance
 S - a +0 cloak (worn)
 T - the +2 leather armour of Inocior {rPois}
   (You found it on level 8 of the Dungeon)

   It protects you from poison.
 V - a scarf of cloud immunity
Jewellery
 l - a ring of poison resistance (left hand)
 o - a cursed +4 amulet of reflection (around neck)
 z - an uncursed amulet of magic regeneration
Wands
 a - a wand of disintegration (8)
 n - a wand of acid (4)
 p - a wand of random effects (36)
 r - a wand of flame (54)
 F - a wand of enslavement (19)
 K - a wand of iceblast (9)
 M - a wand of digging (5)
 U - a wand of polymorph (12)
Scrolls
 c - 3 scrolls of teleportation
 g - 4 scrolls of remove curse
 j - 6 scrolls of magic mapping
 m - 3 scrolls of blinking
 t - 5 scrolls of fear
 w - 2 scrolls of amnesia
 x - 2 scrolls of enchant armour
 H - a scroll of brand weapon
 I - 3 scrolls of enchant weapon
 P - 6 scrolls of fog
Potions
 d - 2 potions of magic
 h - a potion of might
 k - 2 potions of flight
 u - 7 potions of curing
 D - 2 potions of haste
 E - 2 potions of mutation {!q}
 G - a potion of resistance
 N - 4 potions of brilliance
 Q - a potion of heal wounds
 X - 4 potions of berserk rage
 Y - 2 potions of agility
Comestibles
 f - 21 rations


   Skills:
 + Level 8.6 Fighting
 + Level 8.6 Short Blades
 + Level 8.6 Long Blades
 + Level 8.6 Axes
 + Level 8.6 Maces & Flails
 + Level 9.1 Polearms
 + Level 8.6 Staves
 + Level 8.6 Slings
 + Level 8.6 Bows
 + Level 8.6 Crossbows
 + Level 9.1 Throwing
 + Level 8.6 Armour
 + Level 9.1 Dodging
 + Level 9.6 Stealth
 + Level 8.6(11.2) Shields
 + Level 8.6 Unarmed Combat
 + Level 10.0 Spellcasting
 + Level 7.2 Conjurations
 + Level 7.2 Hexes
 + Level 7.2 Charms
 + Level 7.2 Summonings
 + Level 7.2 Necromancy
 + Level 7.2 Translocations
 + Level 7.2 Transmutations
 + Level 7.5 Fire Magic
 + Level 7.2 Ice Magic
 + Level 8.2 Air Magic
 + Level 7.2 Earth Magic
 + Level 7.2 Poison Magic
 + Level 9.4 Invocations
 + Level 8.6 Evocations


You had 16 spell levels left.
You knew the following spells:

 Your Spells              Type           Power        Failure   Level  Hunger
a - Magic Dart            Conj           ####         1%          1    None
b - Blink                 Tloc           N/A          1%          2    None
c - Mephitic Cloud        Conj/Pois/Air  #####...     1%          3    None
d - Conjure Flame         Conj/Fire      #####...     1%          3    None
e - Tukima's Dance        Hex            #####...     1%          3    None
f - Confuse               Hex            #####...     1%          3    None
g - Summon Butterflies    Summ           #####...     1%          1    None
h - Apportation           Tloc           #####.       1%          1    None

Your spell library contained the following spells:

 Spells                   Type           Power        Failure   Level  Hunger
 Animate Skeleton         Necr           N/A          1%          1    None
 Confusing Touch          Hex            #####.       1%          1    None
 Corona                   Hex            #####..      1%          1    None
 Summon Small Mammal      Summ           ####         1%          1    None
 Call Imp                 Summ           #####...     1%          2    None
 Ensorcelled Hibernation  Hex/Ice        #####.       1%          2    None
 Slow                     Hex            #####...     1%          2    None
 Call Canine Familiar     Summ           #####...     1%          3    None
 Dazzling Spray           Conj/Hex       #####.       1%          3    None
 Cause Fear               Hex            #####.....   4%          4    ##.....
 Summon Ice Beast         Ice/Summ       #####...     4%          4    ##.....
 Silence                  Hex/Air        #####.....   9%          5    ####...
 Summon Mana Viper        Hex/Summ       #####...     11%         5    ####...
 Yara's Violent Unravell  Hex/Tmut       #####.....   11%         5    ####...
 Deflect Missiles         Chrm/Air       #####.....   45%         6    ######.
 Summon Hydra             Summ           #####.....   98%         7    #######
 Discord                  Hex            #####.....   100%        8    #######


Dungeon Overview and Level Annotations

Branches:
Dungeon (12/15)            Temple (1/1) D:6            Lair (6/6) D:11
  Swamp (0/4) Lair:4       Spider (0/4) Lair:2        Slime (0/5) Lair:5
    Orc (0/2) D:9

Altars:
Ashenzari
Cheibriados
Dithmenos
Elyvilon
Fedhas
Gozag
Hepliaklqana
Kikubaaqudgha
Makhleb
Nemelex Xobeh
Okawaru
Qazlal
Ru
Sif Muna
Trog
Uskayaw
Vehumet
Wu Jian
Xom
Yredelemnul
Zin
The Shining One
Jiyva

Shops:
D:9 *

Portals:
Trove: D:10 (give 17 potions of curing)

Annotations:
Lair:5 exclusion: oklob plant


Innate Abilities, Weirdness & Mutations

Your experience applies equally to all skills.
You have very sharp teeth.
Your uncanny sense of smell can sniff out nearby items.
You have a pair of horns on your head.
You are partially covered in iridescent scales. (AC +2)
You are partially covered in slimy green scales. (AC +2)
You possess an exceptional clarity of mind.


Message History

The hippogriff pecks you.
* * * LOW HITPOINT WARNING * * *
The hippogriff claws you!
* * * LOW HITPOINT WARNING * * *
You are too injured to fight recklessly!
You puncture the hippogriff!
The hippogriff looks as sick as possible!
You headbutt the hippogriff!
The hippogriff is severely wounded.
The hippogriff closely misses you.
The hippogriff pecks you but does no damage.
You block the hippogriff's attack.
You completely miss the hippogriff. You headbutt the hippogriff.
You bite the hippogriff.
The hippogriff is almost dead.
You kill the hippogriff!
You hit the komodo dragon. Your headbutt misses the komodo dragon.
The komodo dragon is lightly wounded.
The komodo dragon bites you!!
You die...

..#................##....##......
...###.[...P#.......'.....#...P.#
...###.#...P##..####P.....##..###
...............P#.#..........+...
.................................
.......P.........................
.......P.........................
PP...PP..........................
##..P###....##.#@##..............
##...###....####l###........#....
##................##......##....#
#.................#.......###..#.
............P......#.......##...#
.....P#......>.............##...P
##...P#.....#.....##......+......
#....###...........#..[..........
....#.##......#..P#........####..


You could see a komodo dragon.

Vanquished Creatures
  Kirke (Lair:5)
  Snorg (Lair:5)
  3 hydras
  3 two-headed ogres
  Urug (Lair:5)
  A hell knight (Volcano)
  A sun demon (Volcano)
  Pikel (D:4)
  4 elephants (Lair:3)
  3 black mambas
  A torpor snail (Lair:2)
  15 spiny frogs
  A gargoyle (D:11)
  4 komodo dragons
  2 jumping spiders (Lair:2)
  2 tyrant leeches (Lair:4)
  3 red devils (Volcano)
  A hornet (D:11)
  Prince Ribbit (D:7)
  17 dream sheep
  4 hippogriffs
  4 wyverns
  Eustachio (D:4)
  34 yaks
  4 basilisks
  3 dancing weapons
  A hungry ghost (D:8)
  Menkaure (D:4)
  A steam dragon (Lair:5)
  Edmund (D:4)
  2 swamp worms (Lair:4)
  Duvessa (D:5)
  7 water moccasins
  6 porcupines
  A black bear (D:8)
  4 sky beasts
  2 phantoms
  3 ogres
  22 wolves
  8 centaurs
  5 crocodiles
  3 big kobolds
  9 bullfrogs
  Dowan (D:5)
  5 scorpions
  17 killer bees
  8 wights
  3 crimson imps
  2 bullfrog zombies
  2 centaur zombies
  Crazy Yiuf (D:5)
  11 orc priests
  2 hounds
  6 jellies
  A bullfrog skeleton (D:11)
  5 worker ants
  3 iguanas
  14 orc wizards
  A killer bee zombie (D:6)
  3 hound zombies
  A hound skeleton (D:5)
  A howler monkey zombie (D:11)
  6 gnolls (D:4)
  8 adders
  3 shadow imps
  5 oozes (D:9)
  An adder zombie (D:9)
  A worm (D:2)
  4 dart slugs
  4 leopard geckos
  47 orcs
  5 giant cockroaches
  6 goblins
  7 hobgoblins
  5 jackals
  19 kobolds
  7 bats
  2 frilled lizards (D:2)
  A jackal zombie (D:5)
  A leopard gecko skeleton (D:9)
  2 quokka skeletons
  2 quokka zombies
  8 rats
  A plant (D:11)
425 creatures vanquished.

Vanquished Creatures (collateral kills)
  A red devil (Volcano)
  2 wights (D:11)
  An orc (D:6)
4 creatures vanquished.

Vanquished Creatures (others)
  2 humans (Lair:5)
  2 dancing weapons
  2 slaves (D:4)
  2 orc priests (D:4)
  A hound (D:4)
  An orc wizard (D:4)
  3 orcs (D:4)
  A kobold (D:10)
  11 fungi
  A plant (Lair:6)
26 creatures vanquished.

Grand Total: 455 creatures vanquished

Notes
Turn   | Place    | Note
-------+----------+-------------------------------------------
     0 | D:1      | incide the Gnoll Wanderer began the quest for the Orb.
     0 | D:1      | incide set off with the following items: a +0 quarterstaff,
                  | a scroll of teleportation, a +0 robe, a +0 dagger, a
                  | ration; and the following spell memorised: Magic Dart; and
                  | the following spells available to memorise: Blink, Call
                  | Imp, Slow, Mephitic Cloud, Conjure Flame
     0 | D:1      | Reached XP level 1. HP: 13/13 MP: 6/6
    72 | D:1      | Reached skill level 2 in Fire Magic
    87 | D:1      | Reached XP level 2. HP: 16/19 MP: 7/7
   340 | D:1      | Learned a level 2 spell: Blink
   440 | D:1      | Reached XP level 3. HP: 22/25 MP: 9/9
   445 | D:1      | Reached skill level 5 in Spellcasting
  1010 | D:2      | Reached skill level 1 in Invocations
  1078 | D:2      | Learned a level 3 spell: Mephitic Cloud
  1082 | D:2      | Learned a level 3 spell: Conjure Flame
  1606 | D:2      | Reached skill level 1 in Fighting
  1606 | D:2      | Reached skill level 1 in Short Blades
  1606 | D:2      | Reached skill level 1 in Long Blades
  1606 | D:2      | Reached skill level 1 in Axes
  1606 | D:2      | Reached skill level 1 in Maces & Flails
  1606 | D:2      | Reached skill level 1 in Staves
  1606 | D:2      | Reached skill level 1 in Slings
  1606 | D:2      | Reached skill level 1 in Bows
  1606 | D:2      | Reached skill level 1 in Crossbows
  1606 | D:2      | Reached skill level 1 in Armour
  1606 | D:2      | Reached skill level 1 in Shields
  1606 | D:2      | Reached skill level 1 in Unarmed Combat
  1606 | D:2      | Reached skill level 1 in Evocations
  1606 | D:2      | Reached XP level 4. HP: 32/32 MP: 0/11
  1733 | D:3      | Reached skill level 1 in Conjurations
  1733 | D:3      | Reached skill level 1 in Hexes
  1733 | D:3      | Reached skill level 1 in Charms
  1733 | D:3      | Reached skill level 1 in Summonings
  1733 | D:3      | Reached skill level 1 in Necromancy
  1733 | D:3      | Reached skill level 1 in Translocations
  1733 | D:3      | Reached skill level 1 in Transmutations
  1733 | D:3      | Reached skill level 1 in Ice Magic
  1733 | D:3      | Reached skill level 1 in Earth Magic
  1733 | D:3      | Reached skill level 1 in Poison Magic
  1774 | D:3      | Reached XP level 5. HP: 20/37 MP: 9/12
  2060 | D:2      | Reached skill level 3 in Polearms
  2060 | D:2      | Reached skill level 3 in Throwing
  2060 | D:2      | Reached skill level 3 in Dodging
  2309 | D:3      | Reached skill level 4 in Air Magic
  2696 | D:4      | Reached skill level 2 in Invocations
  2696 | D:4      | Reached XP level 6. HP: 41/44 MP: 10/13
  2773 | D:4      | Noticed Eustachio
  2808 | D:4      | HP: 8/44 [Eustachio/+2 rapier of draining (8)]
  2809 | D:4      | Gained mutation: You are partially covered in iridescent
                  | scales. (AC +2) [potion of mutation]
  2809 | D:4      | Gained mutation: You are weak. (Str -2) [potion of
                  | mutation]
  2809 | D:4      | Gained mutation: You have sharp toenails. [potion of
                  | mutation]
  2842 | D:4      | Killed Eustachio
  2842 | D:4      | Reached skill level 2 in Fighting
  2842 | D:4      | Reached skill level 2 in Short Blades
  2842 | D:4      | Reached skill level 2 in Long Blades
  2842 | D:4      | Reached skill level 2 in Axes
  2842 | D:4      | Reached skill level 2 in Maces & Flails
  2842 | D:4      | Reached skill level 2 in Staves
  2842 | D:4      | Reached skill level 2 in Slings
  2842 | D:4      | Reached skill level 2 in Bows
  2842 | D:4      | Reached skill level 2 in Crossbows
  2842 | D:4      | Reached skill level 2 in Armour
  2842 | D:4      | Reached skill level 2 in Shields
  2842 | D:4      | Reached skill level 2 in Unarmed Combat
  2842 | D:4      | Reached skill level 2 in Evocations
  2974 | D:4      | HP: 5/44 [gnoll/+0 flail (10)]
  3285 | D:4      | Reached XP level 7. HP: 45/50 MP: 12/15
  3726 | D:4      | Noticed Pikel
  3748 | D:4      | Killed Pikel
  3748 | D:4      | Reached skill level 3 in Fighting
  3748 | D:4      | Reached skill level 3 in Short Blades
  3748 | D:4      | Reached skill level 3 in Long Blades
  3748 | D:4      | Reached skill level 3 in Axes
  3748 | D:4      | Reached skill level 3 in Maces & Flails
  3748 | D:4      | Reached skill level 4 in Polearms
  3748 | D:4      | Reached skill level 3 in Staves
  3748 | D:4      | Reached skill level 3 in Slings
  3748 | D:4      | Reached skill level 3 in Bows
  3748 | D:4      | Reached skill level 3 in Crossbows
  3748 | D:4      | Reached skill level 4 in Throwing
  3748 | D:4      | Reached skill level 3 in Armour
  3748 | D:4      | Reached skill level 4 in Dodging
  3748 | D:4      | Reached skill level 5 in Stealth
  3748 | D:4      | Reached skill level 3 in Shields
  3748 | D:4      | Reached skill level 3 in Unarmed Combat
  3748 | D:4      | Reached skill level 2 in Conjurations
  3748 | D:4      | Reached skill level 2 in Hexes
  3748 | D:4      | Reached skill level 2 in Charms
  3748 | D:4      | Reached skill level 2 in Summonings
  3748 | D:4      | Reached skill level 2 in Necromancy
  3748 | D:4      | Reached skill level 2 in Translocations
  3748 | D:4      | Reached skill level 2 in Transmutations
  3748 | D:4      | Reached skill level 3 in Fire Magic
  3748 | D:4      | Reached skill level 2 in Ice Magic
  3748 | D:4      | Reached skill level 2 in Earth Magic
  3748 | D:4      | Reached skill level 2 in Poison Magic
  3748 | D:4      | Reached skill level 3 in Invocations
  3748 | D:4      | Reached skill level 3 in Evocations
  3748 | D:4      | Reached XP level 8. HP: 18/58 MP: 16/16
  4184 | D:4      | Noticed Menkaure
  4198 | D:4      | Killed Menkaure
  4198 | D:4      | Reached skill level 6 in Spellcasting
  4339 | D:4      | Found a stormy altar of Qazlal.
  4339 | D:4      | Noticed Edmund
  4515 | D:4      | Killed Edmund
  4817 | D:5      | Entered Level 5 of the Dungeon
  4967 | D:5      | Noticed Dowan
  4973 | D:5      | Noticed Duvessa
  4980 | D:5      | Killed Dowan
  5003 | D:5      | Killed Duvessa
  5057 | D:5      | Lost mutation: You are weak. (Str -2) [potion of mutation]
  5057 | D:5      | Lost mutation: You have sharp toenails. [potion of
                  | mutation]
  5057 | D:5      | Gained mutation: You have a pair of small horns on your
                  | head. [potion of mutation]
  5057 | D:5      | Gained mutation: You have a pair of horns on your head.
                  | [potion of mutation]
  5057 | D:5      | Gained mutation: You possess an exceptional clarity of
                  | mind. [potion of mutation]
  5057 | D:5      | Gained mutation: You are partially covered in slimy green
                  | scales. (AC +2) [potion of mutation]
  5092 | D:5      | Reached skill level 3 in Conjurations
  5092 | D:5      | Reached skill level 3 in Hexes
  5092 | D:5      | Reached skill level 3 in Charms
  5092 | D:5      | Reached skill level 3 in Summonings
  5092 | D:5      | Reached skill level 3 in Necromancy
  5092 | D:5      | Reached skill level 3 in Translocations
  5092 | D:5      | Reached skill level 3 in Transmutations
  5092 | D:5      | Reached skill level 3 in Ice Magic
  5092 | D:5      | Reached skill level 3 in Earth Magic
  5092 | D:5      | Reached skill level 3 in Poison Magic
  5092 | D:5      | Reached skill level 4 in Invocations
  5205 | D:5      | Reached XP level 9. HP: 65/65 MP: 18/18
  5279 | D:5      | Reached skill level 5 in Air Magic
  5340 | D:6      | Found a staircase to the Ecumenical Temple.
  5411 | D:5      | Found a runed translucent door.
  5412 | D:5      | Noticed Crazy Yiuf
  5422 | D:5      | Killed Crazy Yiuf
  5802 | D:5      | Learned a level 3 spell: Tukima's Dance
  5806 | D:5      | Learned a level 3 spell: Confuse
  5918 | Temple   | Entered the Ecumenical Temple
  6063 | Temple   | Became a worshipper of Ashenzari the Shackled
  6096 | D:6      | Reached skill level 4 in Fighting
  6096 | D:6      | Reached skill level 4 in Short Blades
  6096 | D:6      | Reached skill level 4 in Long Blades
  6096 | D:6      | Reached skill level 4 in Axes
  6096 | D:6      | Reached skill level 4 in Maces & Flails
  6096 | D:6      | Reached skill level 4 in Staves
  6096 | D:6      | Reached skill level 4 in Slings
  6096 | D:6      | Reached skill level 4 in Bows
  6096 | D:6      | Reached skill level 4 in Crossbows
  6096 | D:6      | Reached skill level 4 in Armour
  6096 | D:6      | Reached skill level 4 in Shields
  6096 | D:6      | Reached skill level 4 in Unarmed Combat
  6096 | D:6      | Reached skill level 4 in Fire Magic
  6096 | D:6      | Reached skill level 4 in Evocations
  6548 | D:6      | Found a sacrificial altar of Ru.
  6586 | D:6      | Reached skill level 6 in Stealth
  6704 | D:7      | Found a hide-covered altar of Uskayaw.
  6730 | D:7      | Reached skill level 5 in Polearms
  6730 | D:7      | Reached skill level 5 in Throwing
  6730 | D:7      | Reached skill level 5 in Dodging
  6918 | D:7      | Found a basalt altar of Yredelemnul.
  7233 | D:7      | Noticed Prince Ribbit
  7237 | D:7      | Killed Prince Ribbit
  7425 | D:8      | Got the uncursed leather armour of Inocior {rPois}
  7444 | D:7      | Identified the +2 leather armour of Inocior {rPois} (You
                  | found it on level 8 of the Dungeon)
  7569 | D:8      | Reached skill level 5 in Invocations
  7591 | D:8      | Noticed a two-headed ogre
  7691 | D:8      | Reached * piety under Ashenzari
  7841 | D:8      | Noticed a two-headed ogre
  7857 | D:8      | Killed a two-headed ogre
  7857 | D:8      | Reached skill level 7 in Spellcasting
  7857 | D:8      | Reached skill level 4 in Conjurations
  7857 | D:8      | Reached skill level 4 in Hexes
  7857 | D:8      | Reached skill level 4 in Charms
  7857 | D:8      | Reached skill level 4 in Summonings
  7857 | D:8      | Reached skill level 4 in Necromancy
  7857 | D:8      | Reached skill level 4 in Translocations
  7857 | D:8      | Reached skill level 4 in Transmutations
  7857 | D:8      | Reached skill level 4 in Ice Magic
  7857 | D:8      | Reached skill level 4 in Earth Magic
  7857 | D:8      | Reached skill level 4 in Poison Magic
  7857 | D:8      | Reached XP level 10. HP: 73/73 MP: 5/20
  7881 | D:8      | Killed a two-headed ogre
  7881 | D:8      | Reached skill level 5 in Fighting
  7881 | D:8      | Reached skill level 5 in Short Blades
  7881 | D:8      | Reached skill level 5 in Long Blades
  7881 | D:8      | Reached skill level 5 in Axes
  7881 | D:8      | Reached skill level 5 in Maces & Flails
  7881 | D:8      | Reached skill level 5 in Staves
  7881 | D:8      | Reached skill level 5 in Slings
  7881 | D:8      | Reached skill level 5 in Bows
  7881 | D:8      | Reached skill level 5 in Crossbows
  7881 | D:8      | Reached skill level 5 in Armour
  7881 | D:8      | Reached skill level 5 in Shields
  7881 | D:8      | Reached skill level 5 in Unarmed Combat
  7881 | D:8      | Reached skill level 5 in Evocations
  8172 | D:8      | Found a blossoming altar of Fedhas.
  8172 | D:8      | Found a glowing golden altar of the Shining One.
  8173 | D:8      | Found an ornate altar of the Wu Jian Council.
  8373 | D:9      | Got the cursed quarterstaff of Xiezagh {crush, rElec}
  8374 | D:9      | Identified the cursed +1 quarterstaff of Xiezagh {crush,
                  | rElec} (You found it on level 9 of the Dungeon)
  8416 | D:9      | Reached skill level 6 in Polearms
  8416 | D:9      | Reached skill level 6 in Throwing
  8416 | D:9      | Reached skill level 6 in Dodging
  8420 | D:9      | Reached skill level 5 in Fire Magic
  8463 | D:10     | Entered Level 10 of the Dungeon
  8507 | D:9      | Found a staircase to the Orcish Mines.
  8519 | D:9      | Reached skill level 6 in Air Magic
  8519 | D:9      | Reached skill level 6 in Invocations
  8567 | D:9      | Noticed a two-headed ogre
  8607 | D:9      | Killed a two-headed ogre
  8607 | D:9      | Reached skill level 7 in Stealth
  9026 | D:9      | Reached XP level 11. HP: 72/81 MP: 22/22
  9035 | D:9      | Found a burning altar of Makhleb.
  9478 | D:9      | Found Syergh's Island Escapes.
  9666 | D:9      | Bought a scroll of blinking for 112 gold pieces
 10090 | D:10     | Reached skill level 6 in Fighting
 10090 | D:10     | Reached skill level 6 in Short Blades
 10090 | D:10     | Reached skill level 6 in Long Blades
 10090 | D:10     | Reached skill level 6 in Axes
 10090 | D:10     | Reached skill level 6 in Maces & Flails
 10090 | D:10     | Reached skill level 6 in Staves
 10090 | D:10     | Reached skill level 6 in Slings
 10090 | D:10     | Reached skill level 6 in Bows
 10090 | D:10     | Reached skill level 6 in Crossbows
 10090 | D:10     | Reached skill level 6 in Armour
 10090 | D:10     | Reached skill level 6 in Shields
 10090 | D:10     | Reached skill level 6 in Unarmed Combat
 10090 | D:10     | Reached skill level 6 in Evocations
 10106 | D:10     | Reached skill level 5 in Conjurations
 10106 | D:10     | Reached skill level 5 in Hexes
 10106 | D:10     | Reached skill level 5 in Charms
 10106 | D:10     | Reached skill level 5 in Summonings
 10106 | D:10     | Reached skill level 5 in Necromancy
 10106 | D:10     | Reached skill level 5 in Translocations
 10106 | D:10     | Reached skill level 5 in Transmutations
 10106 | D:10     | Reached skill level 5 in Ice Magic
 10106 | D:10     | Reached skill level 5 in Earth Magic
 10106 | D:10     | Reached skill level 5 in Poison Magic
 10198 | D:10     | Reached skill level 8 in Spellcasting
 10244 | D:9      | HP: 16/81 [poisoned by an orc wizard]
 10252 | D:9      | HP: 16/81 [poisoned by an orc wizard]
 10758 | D:10     | Found a portal to a secret trove of treasure.
 11056 | D:11     | Reached ** piety under Ashenzari
 11179 | D:11     | Noticed a cyclops
 11313 | D:11     | Reached skill level 7 in Invocations
 11411 | D:11     | Reached skill level 7 in Polearms
 11411 | D:11     | Reached skill level 7 in Throwing
 11411 | D:11     | Reached skill level 7 in Dodging
 11528 | D:11     | Paralysed by a hornet for 3 turns
 11612 | D:11     | Found a staircase to the Lair.
 11655 | Lair:1   | Entered Level 1 of the Lair of Beasts
 11768 | Lair:1   | Reached skill level 6 in Fire Magic
 12026 | Lair:1   | Reached skill level 8 in Stealth
 12077 | Lair:1   | Reached XP level 12. HP: 89/89 MP: 24/24
 12118 | Lair:1   | Noticed a six-headed hydra
 12139 | Lair:1   | Killed a one-headed hydra
 12429 | Lair:1   | Reached skill level 7 in Air Magic
 12821 | Lair:2   | Reached skill level 7 in Fighting
 12821 | Lair:2   | Reached skill level 7 in Short Blades
 12821 | Lair:2   | Reached skill level 7 in Long Blades
 12821 | Lair:2   | Reached skill level 7 in Axes
 12821 | Lair:2   | Reached skill level 7 in Maces & Flails
 12821 | Lair:2   | Reached skill level 7 in Staves
 12821 | Lair:2   | Reached skill level 7 in Slings
 12821 | Lair:2   | Reached skill level 7 in Bows
 12821 | Lair:2   | Reached skill level 7 in Crossbows
 12821 | Lair:2   | Reached skill level 7 in Armour
 12821 | Lair:2   | Reached skill level 7 in Shields
 12821 | Lair:2   | Reached skill level 7 in Unarmed Combat
 12821 | Lair:2   | Reached skill level 7 in Evocations
 12890 | Lair:2   | Found a hole to the Spider Nest.
 12911 | Lair:2   | Reached *** piety under Ashenzari
 13756 | Lair:2   | Reached skill level 6 in Conjurations
 13756 | Lair:2   | Reached skill level 6 in Hexes
 13756 | Lair:2   | Reached skill level 6 in Charms
 13756 | Lair:2   | Reached skill level 6 in Summonings
 13756 | Lair:2   | Reached skill level 6 in Necromancy
 13756 | Lair:2   | Reached skill level 6 in Translocations
 13756 | Lair:2   | Reached skill level 6 in Transmutations
 13756 | Lair:2   | Reached skill level 6 in Ice Magic
 13756 | Lair:2   | Reached skill level 6 in Earth Magic
 13756 | Lair:2   | Reached skill level 6 in Poison Magic
 13780 | Lair:2   | Reached skill level 8 in Invocations
 13865 | Lair:2   | Learned a level 1 spell: Summon Butterflies
 14166 | Lair:3   | Reached skill level 9 in Spellcasting
 14171 | Lair:3   | Found a dark tunnel.
 14207 | Volcano  | Entered a volcano
 14254 | Volcano  | Noticed a hell knight
 14265 | Volcano  | Killed a hell knight
 14291 | Volcano  | HP: 12/91 [something (10)]
 14292 | Volcano  | HP: 3/91 [something (10)]
 14569 | Volcano  | Noticed a sun demon
 14593 | Volcano  | Killed a sun demon
 14593 | Volcano  | Reached skill level 8 in Polearms
 14593 | Volcano  | Reached skill level 8 in Throwing
 14593 | Volcano  | Reached skill level 8 in Dodging
 14763 | Lair:3   | Noticed a six-headed hydra
 15045 | Lair:3   | Killed a one-headed hydra
 15045 | Lair:3   | Reached XP level 13. HP: 52/98 MP: 19/26
 15386 | Lair:3   | Reached skill level 9 in Stealth
 15536 | Lair:3   | Reached skill level 7 in Fire Magic
 15656 | Lair:3   | Reached **** piety under Ashenzari
 15942 | Lair:3   | Reached skill level 8 in Fighting
 15942 | Lair:3   | Reached skill level 8 in Short Blades
 15942 | Lair:3   | Reached skill level 8 in Long Blades
 15942 | Lair:3   | Reached skill level 8 in Axes
 15942 | Lair:3   | Reached skill level 8 in Maces & Flails
 15942 | Lair:3   | Reached skill level 8 in Staves
 15942 | Lair:3   | Reached skill level 8 in Slings
 15942 | Lair:3   | Reached skill level 8 in Bows
 15942 | Lair:3   | Reached skill level 8 in Crossbows
 15942 | Lair:3   | Reached skill level 8 in Armour
 15942 | Lair:3   | Reached skill level 8 in Shields
 15942 | Lair:3   | Reached skill level 8 in Unarmed Combat
 15942 | Lair:3   | Reached skill level 8 in Evocations
 16871 | Lair:4   | Reached skill level 9 in Invocations
 17154 | Lair:4   | Reached skill level 8 in Air Magic
 17262 | Lair:4   | Found a staircase to the Swamp.
 17703 | Lair:5   | Found a staircase to the Slime Pits.
 17703 | Lair:5   | Found a viscous altar of Jiyva.
 17737 | Lair:5   | Learned a level 1 spell: Apportation
 17774 | Lair:5   | Noticed Snorg
 17792 | Lair:5   | Killed Snorg
 17792 | Lair:5   | Reached skill level 7 in Conjurations
 17792 | Lair:5   | Reached skill level 7 in Hexes
 17792 | Lair:5   | Reached skill level 7 in Charms
 17792 | Lair:5   | Reached skill level 7 in Summonings
 17792 | Lair:5   | Reached skill level 7 in Necromancy
 17792 | Lair:5   | Reached skill level 7 in Translocations
 17792 | Lair:5   | Reached skill level 7 in Transmutations
 17792 | Lair:5   | Reached skill level 7 in Ice Magic
 17792 | Lair:5   | Reached skill level 7 in Earth Magic
 17792 | Lair:5   | Reached skill level 7 in Poison Magic
 17839 | Lair:5   | Noticed Kirke
 17856 | Lair:5   | Killed Kirke
 17864 | Lair:5   | Noticed Urug
 17877 | Lair:5   | Killed Urug
 17879 | Lair:5   | Reached skill level 9 in Polearms
 17879 | Lair:5   | Reached skill level 9 in Throwing
 17879 | Lair:5   | Reached skill level 9 in Dodging
 18531 | Lair:6   | Entered Level 6 of the Lair of Beasts
 18565 | Lair:6   | Reached skill level 10 in Spellcasting
 18575 | Lair:6   | Reached ***** piety under Ashenzari
 18673 | Lair:5   | Reached XP level 14. HP: 31/106 MP: 28/28
 18675 | Lair:5   | HP: 21/106 [hippogriff (7)]
 18678 | Lair:5   | Slain by a komodo dragon

Levels and vault maps discovered:
D:1:      scummos_arrival_gate, layout_basic
D:2:      layout_basic
D:3:      layout_basic
D:4:      layout_loops_corners, nicolae_qazlal_eye_of_the_storm, first_ration,
          uniq_edmund, uniq_eustachio, uniq_menkaure, uniq_pikel
D:5:      layout_loops_ring, uniq_duvessa, uniq_crazy_yiuf_cottage
D:6:      layout_rooms, old_standard_altar, temple_pool_b
D:7:      layout_basic, yredelemnul_altar_generic, basic_altar,
          uniq_prince_ribbit1
D:8:      layout_basic, nicolae_overflow_hidden_temple
D:9:      layout_loops_ring, lemuel_round_altar, orc_0_dummy,
          hangedman_little_slice_of_home, nicolae_island_escapes
D:10:     layout_irregular_city, enter_trove_6
D:11:     layout_roguey, david_lair_shrubbed
D:12:     layout_cave_pools, uniq_maurice
Temple:   regret_index_temple_waves
Lair:1:   layout_hall_layers, st_stairs_13
Lair:2:   layout_cave_pods, spider_nest_entry_a, serial_bayou_lagoon_a,
          minivault_19
Lair:3:   layout_chaotic_city, nicolae_volcano_entry_hallway, grunt_megastairs_4
Lair:4:   layout_regular_city, minmay_swamp_entry_worms
Lair:5:   layout_regular_city, slime_altar_1, minmay_lair_oklob_bushes,
          uniq_kirke, uniq_snorg, uniq_urug
Lair:6:   grunt_lair_end_beastmaster, layout_regular_city,
          infiniplex_staircase_pool_2, grunt_megastairs_5, lemuel_fruit_tree

Skill      XL: |  1  2  3  4  5  6  7  8  9 10 11 12 13 |
---------------+----------------------------------------+-----
Fire Magic     | 2 3 4 5 6 7 |  7.5
Spellcasting   | 5 6 7 8 9 10 | 10.0
Invocations    | 1 2 3 4 5 6 7 8 9 |  9.4
Fighting       | 1 2 3 4 5 6 7 8 |  8.6
Short Blades   | 1 2 3 4 5 6 7 8 |  8.6
Long Blades    | 1 2 3 4 5 6 7 8 |  8.6
Axes           | 1 2 3 4 5 6 7 8 |  8.6
Maces & Flails | 1 2 3 4 5 6 7 8 |  8.6
Staves         | 1 2 3 4 5 6 7 8 |  8.6
Slings         | 1 2 3 4 5 6 7 8 |  8.6
Bows           | 1 2 3 4 5 6 7 8 |  8.6
Crossbows      | 1 2 3 4 5 6 7 8 |  8.6
Armour         | 1 2 3 4 5 6 7 8 |  8.6
Shields        | 1 2 3 4 5 6 7 8 |  8.6
Unarmed Combat | 1 2 3 4 5 6 7 8 |  8.6
Evocations     | 1 2 3 4 5 6 7 8 |  8.6
Conjurations   | 1 2 3 4 5 6 7 |  7.2
Hexes          | 1 2 3 4 5 6 7 |  7.2
Charms         | 1 2 3 4 5 6 7 |  7.2
Summonings     | 1 2 3 4 5 6 7 |  7.2
Necromancy     | 1 2 3 4 5 6 7 |  7.2
Translocations | 1 2 3 4 5 6 7 |  7.2
Transmutations | 1 2 3 4 5 6 7 |  7.2
Ice Magic      | 1 2 3 4 5 6 7 |  7.2
Earth Magic    | 1 2 3 4 5 6 7 |  7.2
Poison Magic   | 1 2 3 4 5 6 7 |  7.2
Polearms       | 3 4 5 6 7 8 9 |  9.1
Throwing       | 3 4 5 6 7 8 9 |  9.1
Dodging        | 3 4 5 6 7 8 9 |  9.1
Air Magic      | 4 5 6 7 8 |  8.2
Stealth        | 5 6 7 8 9 |  9.6

Action                   |  1- 3 |  4- 6 |  7- 9 | 10-12 | 13-15 || total
-------------------------+-------+-------+-------+-------+-------++-------
Melee: Quarterstaff      |     8 |       |   118 |       |       ||   126
       Dagger            |   108 |    77 |       |       |       ||   185
       Bite              |    15 |     7 |    31 |    94 |    76 ||   223
       Trident           |       |    49 |    34 |   134 |     4 ||   221
       Rapier            |       |     6 |    91 |   779 |   458 ||  1334
       Kick              |       |     4 |    26 |       |       ||    30
       Whip              |       |     3 |    79 |       |       ||    82
       Headbutt          |       |       |    39 |   164 |    95 ||   298
       War axe           |       |       |       |     8 |       ||     8
       Broad axe         |       |       |       |     6 |    33 ||    39
Throw: Dart              |       |     4 |    25 |    15 |     1 ||    45
       Boomerang         |       |       |       |     6 |       ||     6
 Cast: Magic Dart        |    12 |     5 |       |       |       ||    17
       Conjure Flame     |     2 |     3 |     3 |     5 |     2 ||    15
       Blink             |     2 |     1 |       |       |       ||     3
       Mephitic Cloud    |       |     4 |    11 |     6 |     3 ||    24
       Tukima's Dance    |       |       |     5 |    15 |       ||    20
       Confuse           |       |       |     1 |    33 |    16 ||    50
       Summon Butterflie |       |       |       |     4 |     4 ||     8
       Apportation       |       |       |       |       |     1 ||     1
Invok: Curse Item        |       |       |       |     4 |       ||     4
Evoke: Wand              |       |       |       |     4 |     1 ||     5
  Use: Potion            |       |     6 |     1 |     2 |       ||     9
       Scroll            |       |       |     5 |    12 |     6 ||    23
 Stab: Sleeping          |     3 |     8 |     8 |    16 |     9 ||    44
       Confused          |       |       |     9 |    14 |     9 ||    32
  Eat: Chunk             |     1 |     4 |    11 |    18 |    12 ||    46
       Ration            |       |     1 |     1 |     2 |       ||     4
Armor: Robe              |    27 |    19 |    27 |       |       ||    73
       Leather armour    |       |       |    42 |   164 |    73 ||   279
       Troll leather arm |       |       |       |       |    39 ||    39
Dodge: Dodged            |    72 |    98 |   141 |   383 |   272 ||   966
Block: Other             |    11 |    22 |    46 |       |       ||    79
       Reflection        |       |     1 |     5 |    18 |       ||    24
       Buckler           |       |       |    31 |   487 |   356 ||   874

Table legend:
 A = Non-vault XP
 B = Vault XP
 C = Vault XP percentage of total XP
 D = Non-vault monster count
 E = Vault monster count
 F = Vault count percentage of total count
                 A         B        C        D         E       F
            +---------+---------+-------+---------+---------+-------
      Total |   42466 |   12022 |  22.1 |     387 |      38 |   8.9
            +---------+---------+-------+---------+---------+-------
        D:1 |      47 |       0 |   0.0 |      25 |       0 |   0.0
        D:2 |      47 |       0 |   0.0 |      15 |       0 |   0.0
        D:3 |     194 |       0 |   0.0 |      28 |       0 |   0.0
        D:4 |     446 |    1172 |  72.4 |      19 |       4 |  17.4
        D:5 |     672 |     250 |  27.1 |      27 |       3 |  10.0
        D:6 |     479 |       0 |   0.0 |      17 |       0 |   0.0
        D:7 |     461 |     268 |  36.8 |      10 |       1 |   9.1
        D:8 |    2461 |       0 |   0.0 |      22 |       0 |   0.0
        D:9 |    3322 |     160 |   4.6 |      46 |       8 |  14.8
       D:10 |    3752 |       0 |   0.0 |      43 |       0 |   0.0
       D:11 |    2709 |     383 |  12.4 |      21 |       1 |   4.5
     Lair:1 |    3353 |     327 |   8.9 |      14 |       1 |   6.7
     Lair:2 |    6818 |     619 |   8.3 |      30 |       2 |   6.2
     Lair:3 |    7849 |     634 |   7.5 |      28 |       3 |   9.7
     Lair:4 |    6347 |     874 |  12.1 |      23 |       4 |  14.8
     Lair:5 |    3262 |    4029 |  55.3 |      18 |       3 |  14.3
     Lair:6 |     247 |     556 |  69.2 |       1 |       2 |  66.7
    Volcano |       0 |    2750 | 100.0 |       0 |       6 | 100.0
            +---------+---------+-------+---------+---------+-------
